 Dungeon Crawl Stone Soup version 0.29.0-4-gdea44cf6ec (webtiles) character file.

Game seed: 6432502524496959803

78 qw the Ruffian (level 4, -3/35 HPs)
             Began as a Ghoul Fire Elementalist on Aug 29, 2022.
             Slain by a gnoll
             ... wielding a +0 halberd
              (4 damage)
             ... on level 3 of the Dungeon.
             The game lasted 00:02:02 (2269 turns).

qw the Ruffian (Ghoul Fire Elementalist)            Turns: 2269, Time: 00:02:03

Health: -3/35      AC: 11    Str: 13    XL:     4   Next: 36%
Magic:  5/5        EV:  6    Int: 10    God:
Gold:   121        SH:  0    Dex:  9    Spells: 5/6 levels left

rFire   . . .      SeeInvis .     - Unarmed
rCold   + . .      Faith    .   (no shield)
rNeg    + + +      Spirit   .   c - +0 chain mail
rPois   inf        Reflect  .   g - +1 helmet
rElec   .          Harm     .   (no cloak)
rCorr   .          Rampage  .   (no gloves)
Will    .....                   i - +0 pair of boots
Stlth   ..........              (no amulet)
HPRegen 0.00/turn               (no ring)
MPRegen 0.09/turn               (no ring)

@: inhibited regen
A: claws 1, cold resistance 1, negative energy resistance 3, inhibited
regeneration, torment resistance 2, devour on kill
a: no special abilities


You were on level 3 of the Dungeon.
You visited 1 branch of the dungeon, and saw 3 of its levels.

You collected 121 gold pieces.


Innate Abilities, Weirdness & Mutations

You are immune to poison.
You have sharp fingernails.
Your flesh is cold resistant. (rC+)
You are immune to negative energy. (rN+++)
You do not regenerate when monsters are visible.
You are immune to unholy pain and torment.
You thrive by killing the living.


   Skills:
 - Level 1.3 Fighting
 - Level 1.0 Armour
 - Level 1.7 Dodging
 - Level 2.1 Stealth
 + Level 3.5 Unarmed Combat
 - Level 1.7 Spellcasting
 - Level 0.7 Conjurations
 - Level 2.4 Fire Magic


You had 5 spell levels left.
You knew the following spells:

 Your Spells              Type           Power      Damage    Failure   Level
a - Foxfire               Conj/Fire      16%        2x1d4     99%         1

Your spell library contained the following spells:

 Spells                   Type           Power      Damage    Failure   Level
 Scorch                   Fire           10%        2d6       99%         2
 Conjure Flame            Conj/Fire      4%         6-21      100%        3
 Inner Flame              Hex/Fire       3%         N/A       100%        3
 Flame Wave               Conj/Fire      4%         2d5       100%        4

Inventory:

Armour
 c - a +0 chain mail (worn)
 g - a +1 helmet (worn)
 i - a +0 pair of boots (worn)
Scrolls
 a - a scroll of identify
Potions
 b - a potion of berserk rage {unknown}
 d - 2 potions of haste
 e - a potion of mutation {unknown}
 f - a potion of brilliance {unknown}
 h - a potion of invisibility {unknown}
 j - a potion of flight {unknown}

Dungeon Overview and Level Annotations

Branches:
Dungeon (3/15)

Altars:


Message History

The jackal pauses to sniff the ground.
The jackal bites you but does no damage.
The gnoll hits you from afar with a +0 halberd.
You closely miss the jackal.
The jackal bites you but does no damage.
The gnoll closely misses you.
The jackal bites you but does no damage.
You closely miss the jackal. The jackal barely misses you.
The gnoll closely misses you.
You scratch the jackal but do no damage.
The jackal bites you but does no damage.
The gnoll barely misses you.
You scratch the jackal.
The jackal is moderately wounded.
The jackal bites you but does no damage.
The gnoll closely misses you.
The jackal bites you but does no damage.
You claw the jackal!
You kill the jackal!
You feel better. The gnoll barely misses you.
You see here a jackal corpse.
You barely miss the gnoll. The gnoll hits you with a +0 halberd.
You scratch the gnoll.
The gnoll is moderately wounded.
The gnoll completely misses you.
You barely miss the gnoll.
The gnoll is moderately wounded.
The gnoll hits you but does no damage.
You scratch the gnoll but do no damage.
The gnoll is moderately wounded.
The gnoll hits you with a +0 halberd.
You scratch the gnoll.
The gnoll is moderately wounded.
The gnoll hits you with a +0 halberd.
You scratch the gnoll but do no damage.
The gnoll is moderately wounded.
The gnoll hits you with a +0 halberd.
You die...

########++++############
........................
~~~~~~~~....~~~~~~~~~~~~
~~~~~~~~....~~~~~~~~~~~~
~~~~~~~~....~~~~~~~~~~~~
......g@................
#......###...........#..
..####.#..........##....
. #.#.###....#.#.....
..###.#.....#....##%###
#.....#####.##.#.%.)#
..................<.#
....................###
.......................


You could see a gnoll.

Vanquished Creatures
  2 adders
  A gnoll (D:3)
  2 dart slugs (D:1)
  An orc (D:2)
  6 ball pythons
  A bat (D:1)
  3 endoplasms
  3 giant cockroaches
  5 goblins
  3 hobgoblins (D:2)
  4 jackals (D:3)
  4 kobolds
  A quokka (D:2)
  A frilled lizard (D:1)
  7 rats (D:1)
44 creatures vanquished.

Notes
Turn   | Place    | Note
-------+----------+-------------------------------------------
     0 | D:1      | qw the Ghoul Fire Elementalist began the quest for the Orb.
     0 | D:1      | Reached XP level 1. HP: 14/14 MP: 2/2
     0 | D:1      | 0 ||| qw: Version: 0.1-a-90-g952f4b7
     0 | D:1      | 0 ||| qw: Game counter: 4227
     0 | D:1      | 0 ||| qw: Always use a shield: true
     0 | D:1      | 0 ||| qw: God list: Okawaru
     0 | D:1      | 0 ||| qw: Allow faded altars: false
     0 | D:1      | 0 ||| qw: Do Orc after D:15 true
     0 | D:1      | 0 ||| qw: Do second Lair branch before Depths: true
     0 | D:1      | 0 ||| qw: Lair rune preference: random
     0 | D:1      | 0 ||| qw: Plans: Normal
     0 | D:1      | 0 ||| PLANNING D:1-11
   112 | D:1      | Reached skill level 1 in Unarmed Combat
   294 | D:1      | 294 ||| Stepping ~*~*~tactically~*~*~ (hiding).
   304 | D:1      | Reached skill level 1 in Fighting
   304 | D:1      | Reached XP level 2. HP: 18/23 MP: 3/3
   871 | D:1      | Reached skill level 2 in Unarmed Combat
  1053 | D:1      | Reached XP level 3. HP: 25/28 MP: 4/4
  1097 | D:1      | 1097 ||| UPGRADING to +0 chain mail.
  1107 | D:1      | 1107 ||| DROPPING +0 robe.
  1108 | D:1      | 1108 ||| UPGRADING to +1 helmet.
  1113 | D:1      | 1113 ||| READING scroll labelled ELEEXKEVVEU.
  1114 | D:1      | 1114 ||| READING scroll labelled JOSTRY BIHIH.
  1115 | D:1      | 1115 ||| READING scroll labelled WOGGOQ TUHUST.
  1116 | D:1      | 1116 ||| DRINKING 2 fizzy black potions.
  1117 | D:1      | 1117 ||| DROPPING potion of magic.
  1279 | D:2      | 1279 ||| Stepping ~*~*~tactically~*~*~ (outnumbered).
  1434 | D:2      | 1434 ||| Stepping ~*~*~tactically~*~*~ (outnumbered).
  1603 | D:2      | Found a faded altar of an unknown god.
  1720 | D:2      | 1720 ||| Stepping ~*~*~tactically~*~*~ (stealth).
  1822 | D:2      | Reached skill level 3 in Unarmed Combat
  2067 | D:2      | 2067 ||| UPGRADING to +0 pair of boots.
  2072 | D:2      | 2072 ||| READING scroll labelled GIKAIL KEOMIN.
  2079 | D:3      | 2079 ||| STAIRDANCE
  2103 | D:3      | Reached skill level 1 in Armour
  2103 | D:3      | Reached XP level 4. HP: 33/35 MP: 5/5
  2140 | D:3      | 2140 ||| Stepping ~*~*~tactically~*~*~ (stealth).
  2142 | D:3      | 2142 ||| Stepping ~*~*~tactically~*~*~ (stealth).
  2144 | D:3      | 2144 ||| Stepping ~*~*~tactically~*~*~ (stealth).
  2167 | D:3      | 2167 ||| FLEEEEING.
  2168 | D:3      | 2168 ||| FLEEEEING.
  2169 | D:3      | 2169 ||| STAIRDANCE
  2252 | D:3      | HP: 7/35 [gnoll/+0 halberd (12)]
  2257 | D:3      | HP: 7/35 [gnoll/+0 halberd (4)]
  2264 | D:3      | HP: 7/35 [gnoll/+0 halberd (3)]
  2268 | D:3      | HP: 1/35 [gnoll/+0 halberd (4)]
  2269 | D:3      | Slain by a gnoll

Levels and vault maps discovered:
D:1:      dpeg_arrival_pond, layout_loops_ring, minmay_cut_off
D:2:      layout_basic, chequers_ecumenical_altar_simple,
          kennysheep_generic_room_3
D:3:      lemuel_castle_with_subvaults [lemuel_castle_interior_carwin_1],
          layout_basic

Skill      XL: |  1  2  3 |
---------------+----------+-----
Unarmed Combat | 1 2 3 |  3.5
Fighting       | 1 |  1.3
Armour         | 1 |  1.0
Dodging        | |  1.7
Stealth        | |  2.1
Spellcasting   | |  1.7
Conjurations   | |  0.7
Fire Magic     | |  2.4

Action                   |  1- 3 |  4- 6 || total
-------------------------+-------+-------++-------
Melee: Unarmed           |   153 |    29 ||   182
       Punch             |     4 |       ||     4
  Use: Scroll            |     4 |       ||     4
       Potion            |     1 |       ||     1
 Stab: Sleeping          |     1 |       ||     1
Armor: Robe              |    13 |       ||    13
       Chain mail        |    49 |    19 ||    68
Dodge: Dodged            |    55 |    16 ||    71

Table legend:
 A = Non-vault XP
 B = Vault XP
 C = Vault XP percentage of total XP
 D = Non-vault monster count
 E = Vault monster count
 F = Vault count percentage of total count
                 A         B        C        D         E       F
            +---------+---------+-------+---------+---------+-------
      Total |      82 |      30 |  26.8 |      35 |       9 |  20.5
            +---------+---------+-------+---------+---------+-------
        D:1 |      29 |       7 |  19.4 |      17 |       3 |  15.0
        D:2 |      40 |       1 |   2.4 |      17 |       1 |   5.6
        D:3 |      13 |      22 |  62.9 |       1 |       5 |  83.3
            +---------+---------+-------+---------+---------+-------
